 Dungeon Crawl Stone Soup version 0.31-a0-986-g5e6e4ef867 (webtiles) character file.

Game seed: 16057767530368205974

1732103 Forgeling the Axe Maniac (level 27, 207/245 HPs)
             Began as a Hill Orc Reaver on Nov 16, 2023.
             Was the Champion of Hepliaklqana.
             Escaped with the Orb
             ... and 3 runes!
             The game lasted 03:01:21 (68666 turns).

Forgeling the Axe Maniac (Hill Orc Reaver)         Turns: 68666, Time: 03:01:22

Health: 207/245    AC: 46    Str: 29    XL:     27
Magic:  34/40      EV: 15    Int: 14    God:    Hepliaklqana [******]
Gold:   2895       SH: 19    Dex: 19    Spells: 28/29 levels left

rFire   + + .        b - +9 broad axe (heavy)
rCold   + . .        L - +2 kite shield {reflect}
rNeg    + + .        T - +6 gold dragon scales
rPois   +            z - +1 helmet
rElec   +            l - +2 cloak {rF+}
rCorr   +            x - +1 pair of gloves of Dishonour {rElec Str+3}
SInv    +            f - +3 pair of seven-league boots {Rampage+∞}
Will    +++..        S - amulet of guardian spirit Stlth
                     t - ring "Okeack" {*Slow rPois rN++ Dex+4}
HPRegen 0.60/turn    j - ring "Cewaup" {Will+ rCorr Int+2 SInv}
MPRegen 0.27/turn

%: slow self (1%), reflection, clarity, guardian spirit, rampage+∞
@: no status effects
A: reduced essence, agile 1, clarity
0: Orb of Zot
}: 3/15 runes: decaying, serpentine, silver
a: Renounce Religion, Recall Ancestor, Ancestor Identity, Transference, Idealise


You escaped.
You worshipped Hepliaklqana.
Hepliaklqana was exalted by your worship.
You visited 11 branches of the dungeon, and saw 51 of its levels.
You also visited: Bailey, Ice Cave, Volcano and Desolation.

You collected 10195 gold pieces.
You spent 7300 gold pieces at shops.

Inventory:

Hand Weapons
 a - a +9 vampiric broad axe
 b - a +9 heavy broad axe (weapon)
Missiles
 g - 13 curare-tipped darts
 o - 15 silver javelins
 u - 7 throwing nets
 w - 5 javelins
 W - 54 boomerangs
Armour
 f - the +3 pair of seven-league boots (worn) {Rampage+∞}
   (You bought it in a shop on level 2 of the Orcish Mines)

   Rampage+∞: When moving toward enemies, its wearer moves as far as possible,
   alerting their target en route.
 l - a +2 cloak of fire resistance (worn)
 x - the +1 pair of gloves of Dishonour (worn) {rElec Str+3}
   (You found it on level 4 of the Depths)

   Str+3:     It affects your strength (+3).
   rElec:     It insulates you from electricity.
 z - a +1 helmet (worn)
 L - a +2 kite shield of reflection (worn)
 T - +6 gold dragon scales (worn)
Jewellery
 j - the ring "Cewaup" (right hand) {Will+ rCorr Int+2 SInv}
   (You bought it in a shop on level 1 of the Snake Pit)

   [ring of resist corrosion]

   Int+2:     It affects your intelligence (+2).
   Will+:     It increases your willpower.
   SInv:      It lets you see invisible.
   rCorr:     It protects you from acid and corrosion.
 q - the ring "Laxizuc" {+Blink AC+4}
   (You took it off a naga on level 4 of the Snake Pit)

   [ring of protection]

   AC+4:      It affects your AC (+4).
   +Blink:    It lets you blink.
 t - the ring "Okeack" (left hand) {*Slow rPois rN++ Dex+4}
   (You found it in the Desolation of Salt)

   [ring of poison resistance]

   Dex+4:     It affects your dexterity (+4).
   rPois:     It protects you from poison rN++: It greatly protects you from
   negative energy.
   *Slow:     It may slow you when you take damage.
 B - an amulet of reflection
 S - an amulet of guardian spirit (around neck)
Wands
 d - a wand of digging (39)
 e - a wand of paralysis (31)
 h - a wand of quicksilver (73)
 i - a wand of iceblast (37)
 y - a wand of mindburst (39)
Scrolls
 n - a scroll of brand weapon
 D - 4 scrolls of blinking
 E - 8 scrolls of fear
 F - 7 scrolls of fog
 K - 5 scrolls of immolation
 O - a scroll of silence
 P - 11 scrolls of poison
 V - 8 scrolls of vulnerability
 X - 3 scrolls of revelation {@r4}
 Y - 20 scrolls of teleportation {@r3}
Potions
 k - 9 potions of enlightenment
 A - 8 potions of attraction
 C - 8 potions of cancellation
 G - a potion of ambrosia
 H - 4 potions of haste
 I - 2 potions of invisibility
 J - 22 potions of curing {@q1}
 M - 3 potions of might
 N - 7 potions of heal wounds {@q2}
 Q - 7 potions of magic
 R - a potion of resistance
 U - 4 potions of mutation
Miscellaneous
 m - a phantom mirror
 r - a phial of floods
 s - a tin of tremorstones (2/2)
 v - a lightning rod (4/4)


   Skills:
 O Level 27 Fighting
 O Level 27 Axes
 - Level 6.0 Throwing
 + Level 23.8 Armour
 + Level 15.0 Dodging
 + Level 21.1 Shields
 - Level 1.5 Spellcasting
 - Level 3.0 Conjurations
 + Level 26.2 Invocations
 + Level 16.6 Evocations


You had 28 spell levels left.
You knew the following spells:

 Your Spells              Type           Power      Damage    Failure   Level
p - Kiss of Death         Conj/Necr      20%        2d7       75%         1

Your spell library contained the following spells:

 Spells                   Type           Power      Damage    Failure   Level
 Magic Dart               Conj           36%        1d4       54%         1
 Searing Ray              Conj           18%        2d5       67%         2
 Foxfire                  Conj/Fire      20%        2x1d5     75%         1
 Shock                    Conj/Air       20%        1d4       75%         1
 Momentum Strike          Conj/Tloc      10%        3d8       87%         2
 Apportation              Tloc           2%         N/A       91%         1
 Slow                     Hex            4%         N/A       91%         1
 Sting                    Tmut/Pois      4%         1d3       91%         1
 Summon Small Mammal      Summ           4%         N/A       91%         1
 Blink                    Tloc           2%         N/A       97%         2
 Cigotuvi's Dreadful Rot  Necr/Pois/Air  2%         N/A       97%         2
 Ensorcelled Hibernation  Hex/Ice        2%         N/A       97%         2
 Jinxbite                 Hex            2%         N/A       97%         2
 Lesser Beckoning         Tloc           2%         N/A       97%         2
 Passwall                 Tmut/Erth      0%         N/A       97%         2
 Poisonous Vapours        Pois/Air       2%         N/A       97%         2
 Scorch                   Fire           2%         2d5       97%         2
 Wereblood                Tmut           1%         N/A       97%         2
 Dazzling Flash           Conj/Hex       10%        N/A       98%         3
 Hailstorm                Conj/Ice       5%         3d4       98%         3
 Stone Arrow              Conj/Erth      10%        3d7       98%         3
 Mephitic Cloud           Conj/Pois/Air  3%         N/A       99%         3
 Call Canine Familiar     Summ           1%         N/A       100%        3
 Confusing Touch          Hex            1%         N/A       100%        3
 Gell's Gravitas          Tloc           1%         N/A       100%        3
 Ignite Poison            Fire/Tmut/Pois 1%         N/A       100%        3
 Inner Flame              Hex/Fire       1%         N/A       100%        3
 Sigil of Binding         Hex            1%         N/A       100%        3
 Summon Guardian Golem    Hex/Summ       1%         N/A       100%        3
 Swiftness                Air            1%         N/A       100%        3
 Teleport Other           Tloc           1%         N/A       100%        3
 Tukima's Dance           Hex            1%         N/A       100%        3
 Vampiric Draining        Necr           1%         2d6       100%        3
 Volatile Blastmotes      Fire/Tloc      2%         2d10      100%        3
 Airstrike                Air            0%         2d(1-17)  100%        4
 Anguish                  Hex/Necr       0%         N/A       100%        4
 Animate Armour           Summ/Erth      2%         N/A       100%        4
 Animate Dead             Necr           1%         N/A       100%        4
 Cause Fear               Hex            0%         N/A       100%        4
 Dimensional Bullseye     Hex/Tloc       0%         N/A       100%        4
 Dispel Undead            Necr           1%         3d6       100%        4
 Flame Wave               Conj/Fire      5%         2d5       100%        4
 Fulminant Prism          Conj/Hex       2%         3d5       100%        4
 Iskenderun's Mystic Bla  Conj/Tloc      5%         2d3       100%        4
 Leda's Liquefaction      Hex/Erth       0%         N/A       100%        4
 Manifold Assault         Tloc           1%         N/A       100%        4
 Olgreb's Toxic Radiance  Pois           1%         N/A       100%        4
 Passage of Golubria      Tloc           1%         N/A       100%        4
 Sticky Flame             Conj/Fire      5%         2d3       100%        4
 Vhi's Electric Charge    Tloc/Air       2%         N/A       100%        4
 Agony                    Necr           1%         N/A       100%        5
 Alistair's Intoxication  Tmut/Pois      0%         N/A       100%        5
 Borgnjor's Vile Clutch   Necr/Erth      0%         N/A       100%        5
 Fireball                 Conj/Fire      2%         3d4       100%        5
 Irradiate                Conj/Tmut      2%         3d12      100%        5
 Lee's Rapid Deconstruct  Erth           0%         3d4*      100%        5
 Metabolic Englaciation   Hex/Ice        0%         N/A       100%        5
 Silence                  Hex/Air        0%         N/A       100%        5
 Yara's Violent Unravell  Hex/Tmut       0%         3d3       100%        5
 Conjure Ball Lightning   Conj/Air       2%         3x3d6     100%        6
 Death Channel            Necr           0%         N/A       100%        6
 Dispersal                Tloc           0%         N/A       100%        6
 Eringya's Noxious Bog    Tmut/Pois      0%         4d6       100%        6
 Plasma Beam              Fire/Air       0%         2x1d10    100%        6
 Starburst                Conj/Fire      2%         6d3       100%        6
 Summon Cactus Giant      Summ           0%         N/A       100%        6
 Enfeeble                 Hex            0%         N/A       100%        7
 Haunt                    Necr/Summ      0%         N/A       100%        7
 Monstrous Menagerie      Summ           0%         N/A       100%        7
 Ozocubu's Refrigeration  Ice            0%         4d7       100%        7
 Borgnjor's Revivificati  Necr           0%         N/A       100%        8
 Discord                  Hex            0%         N/A       100%        8
 Disjunction              Tloc           0%         N/A       100%        8
 Infestation              Necr           0%         N/A       100%        8
 Lehudib's Crystal Spear  Conj/Erth      2%         10d2      100%        8
 Maxwell's Capacitive Co  Air            0%         ∞         100%        8
 Chain Lightning          Conj/Air       2%         3d3       100%        9
 Death's Door             Necr           0%         N/A       100%        9
 Dragon's Call            Summ           0%         N/A       100%        9
 Fire Storm               Conj/Fire      2%         8d1       100%        9
 Shatter                  Erth           0%         3d5*      100%        9


Dungeon Overview and Level Annotations

Branches:
Dungeon (15/15)            Temple (0/1) D:7            Lair (5/5) D:11
  Swamp (4/4) Lair:3        Snake (4/4) Lair:2        Slime (0/5) Lair:4
    Orc (2/2) D:9             Elf (3/3) Orc:2        Vaults (5/5) D:14
  Crypt (3/3) Vaults:2       Tomb (0/3) Crypt:3      Depths (4/4) D:15
   Hell (visited)             Dis (0/7) Hell            Geh (0/7) Hell
    Coc (0/7) Hell            Tar (0/7) Hell            Zot (5/5) Depths:4
 Bailey (visited)           IceCv (visited)         Volcano (visited)
Desolation (visited)

Altars:
Ashenzari
Dithmenos
Elyvilon
Gozag
Hepliaklqana
Kikubaaqudgha
Qazlal
Ru
Uskayaw
Vehumet
Yredelemnul
Zin
The Shining One
Beogh
Jiyva
Lugonu

Shops:
D:13 =   Orc:1 [   Orc:2 [[(:   Elf:3 *   Snake:1 =:=*   Snake:3 *:=
Snake:4 [   Vaults:2 =   Vaults:4 !   Vaults:5 ?   Depths:4 [(*

Portals:
Hell: Depths:1 Depths:2 Depths:3 Depths:4
Abyss: Lair:5 Depths:3
Pandemonium: Depths:2
Ziggurat: Depths:2


Innate Abilities, Weirdness & Mutations

Your life essence is reduced to manifest your ancestor. (-10% HP)
You are agile. (Dex +4, Str/Int -1)
You possess an exceptional clarity of mind.


Message History

The sun demon dies!
No target in view!
You climb upwards.
There is a stone staircase leading down here.
What level of the Dungeon? (default 1, ? - help)
You swap places.
Zimri-Dagan is no longer moving quickly.
Magic restored.
There is a stone staircase leading up here.
You climb upwards.
There is a stone staircase leading down here.
Ancestor HP restored.
HP restored.
There is a stone staircase leading up here.
You climb upwards.
There is a stone staircase leading down here.
There is a stone staircase leading up here.
You climb upwards.
There is a stone staircase leading down here.
An Orb Guardian comes into view.
You stride towards the Orb Guardian!
You chop the Orb Guardian into pieces!!!
The Orb Guardian is severely wounded.
Zimri-Dagan casts a spell at the Orb Guardian.
The Orb Guardian resists with almost no effort.
You open the Orb Guardian like a pillowcase!!!
You kill the Orb Guardian!
A Laiqulul and a sun demon come into view.
You stride towards Laiqulul!
A Hell Sentinel and a green death come into view.
You completely miss Laiqulul.
The Hell Sentinel roars!
The green death roars!
The sun demon shouts!
Laiqulul blinks!
The green death attacks as it pursues you!
The green death hits you!
The Hell Sentinel attacks as it pursues you!
The Hell Sentinel gestures at you.
The sphere of damnation explodes!
The damnation engulfs you!!!
There is a staircase leading out of the dungeon here.
You have escaped!

.......######.3########.##......#
...##.## ♣..2.♣♣ #..........
#####.# ♣...♣.♣ #....##.#.. # #.#
♣♣♣♣.♣♣ #..####.#.. #####.#
♣.♣♣♣♣ #..# #.#.# ......# ♣♣.♣.♣
#..# #.#.# ####### ♣♣1♣♣ ##.#
#.#.# ♣...♣ #.# #.#.# ♣.@.♣
#.####.#.# ♣♣...♣ #.#....#.#
♣.♣.♣♣ #.'......# ♣♣♣.♣♣
♣##....... ♣....♣ #...##.. ♣..♣♣♣
#...##.. ### ♣..♣♣ #...##..
..###### ♣♣♣.♣♣ #...##.. ..##...#
♣...♣ #.......


You could see a Hell Sentinel.

Vanquished Creatures
  4 dread liches
  4 orbs of fire (Zot:5)
  2 ancient liches (Zot:5)
  The ghost of Ymesich the End of an Era, a veteran HOGl of Qazlal (Depths:3)
  Sojobo (Crypt:3)
  Boris (Depths:4)
  Josephina (Depths:3)
  4 Killer Klowns
  Saint Roka (Vaults:5)
  Geryon (Hell)
  A caustic shrike (Depths:4)
  A profane servitor (Crypt:3)
  7 golden dragons
  A bone dragon (Crypt:3)
  A Tzitzimitl (D:14)
  A hellephant (Depths:3)
  An electric golem (Zot:1)
  A walking crystal tome (Depths:3)
  15 tentacled monstrosities
  An Ice Fiend (Zot:5)
  3 liches
  20 Orb Guardians
  6 titans
  2 deep elf blademasters
  9 sphinxes
  6 ancient champions
  6 quicksilver dragons
  A walking frostbound tome (Depths:4)
  A deep elf master archer (Elf:3)
  Frances (Snake:1)
  9 death cobs
  15 storm dragons
  5 tengu reavers
  5 thorn hunters
  4 draconian knights
  5 shadow dragons
  Aizul (Snake:1)
  3 draconian monks
  4 revenants
  2 fenstrider witches
  4 nagarajas (Snake:4)
  9 fire giants
  9 frost giants
  3 ghost moths
  A balrug (Zot:1)
  5 deep elf sorcerers
  A spectral juggernaut (Crypt:3)
  3 deep elf elementalists
  4 draconian scorchers
  An orc warlord (Vaults:4)
  2 draconian shifters
  12 ghouls
  An angel (Vaults:2)
  5 draconian annihilators
  2 iron dragons
  15 vault wardens
  A spriggan defender (Depths:2)
  The ghost of Caicsaam the Severer, a journeyman MiFi of Hepliaklqana (Orc:1)
  2 curse skulls
  16 ironbound preservers
  16 stone giants
  7 very ugly things
  5 draconian stormcallers
  3 ironbound thunderhulks
  2 war gargoyles (Vaults:5)
  2 reapers (Hell)
  2 formless jellyfish
  7 green draconians
  7 eleionomae
  10 purple draconians
  5 black draconians
  12 dire elephants
  A rockslime zombie (Crypt:2)
  6 deep elf demonologists
  6 yellow draconians
  8 vampire knights
  13 red draconians
  4 halazid warlocks
  3 spark wasps
  3 bunyips
  6 deep elf annihilators (Elf:3)
  5 white draconians
  Snorg (Orc:2)
  2 eidola
  A blizzard demon (Hell)
  11 ettins
  2 crystal guardians
  2 iron golems (Hell)
  A shambling mangrove (Swamp:2)
  7 deep elf death magi
  19 jiangshi
  3 ragged hierophants (Desolation)
  9 yaktaur captains
  8 fire dragons
  A spectral spriggan (Crypt:3)
  8 deep elf high priests
  3 entropy weavers
  4 rakshasas
  12 ice dragons
  5 great orbs of eyes
  4 peacekeepers (Desolation)
  4 servants of whispers (Desolation)
  2 spriggan air magi
  2 ironbound frosthearts (Vaults:3)
  31 vault guards
  A caustic shrike simulacrum (IceCv)
  An ogre mage (Orc:2)
  11 hydras
  A hell beast (Zot:5)
  A salamander tyrant (Snake:4)
  2 ghost crabs
  17 anacondas
  7 centaur warriors
  5 alligators
  5 death knights
  A sphinx zombie (Vaults:3)
  12 two-headed ogres
  A boulder beetle (Lair:5)
  The ghost of hgbash the Geomancer, a journeyman GrEE of Hepliaklqana (D:11)
  6 death yaks
  26 dancing weapons
  A two-headed ogre (shapeshifter) (Depths:4)
  8 deep troll earth magi
  6 deep troll shamans
  12 tengu warriors
  9 naga warriors
  A vampire mage (Crypt:2)
  2 occultists
  A bennu skeleton (Crypt:2)
  14 naga sharpshooters
  4 hell hogs (Depths:3)
  4 orc high priests
  4 spriggan berserkers
  2 thrashing horrors (Lair:5)
  5 shock serpents
  2 soul eaters (Hell)
  A crystal echidna (Hell)
  3 hell knights (Hell)
  3 sun demons
  22 deep elf knights
  2 skysharks (Lair:5)
  A fire crab (shapeshifter) (D:13)
  A spark wasp zombie (Crypt:1)
  5 shadow wraiths
  32 skeletal warriors
  A spectral anaconda (Crypt:3)
  6 iron trolls
  7 goliath frogs
  7 flayed ghosts
  2 spriggan druids (Swamp:1)
  A glowing orange brain (Depths:3)
  3 swamp dragons (Swamp:4)
  A lindwurm (shapeshifter) (Depths:1)
  32 deep trolls
  2 orange crystal statues
  2 bog bodies
  4 naga ritualists
  An anaconda skeleton (Hell)
  13 deep elf archers
  An iron giant skeleton (Crypt:1)
  8 arcanists
  An obsidian statue (Zot:5)
  34 deep elf pyromancers
  20 lindwurms
  11 phantasmal warriors
  11 mana vipers
  10 ironbound convokers
  12 orc knights
  29 deep elf zephyrmancers
  A wolf spider (shapeshifter) (Depths:2)
  9 necromancers
  33 ugly things
  A cyclops (D:15)
  4 manticores
  6 orc sorcerers
  2 will-o-the-wisps
  3 salamanders (Snake:4)
  23 moths of wrath
  A moth of wrath (shapeshifter) (Elf:1)
  An oklob plant (Swamp:3)
  Maurice (D:10)
  A centaur zombie (D:11)
  4 guardian serpents
  12 naga magi
  4 smoke demons
  A titan simulacrum (Depths:3)
  29 black mambas
  14 vault sentinels
  4 spectral centaurs (D:11)
  A torpor snail (Lair:3)
  8 cane toads
  A black mamba (shapeshifter) (Vaults:5)
  An orange demon (Depths:4)
  A molten gargoyle (Volcano)
  A gargoyle (D:14)
  A hellion (D:7)
  A red draconian zombie (Crypt:2)
  21 yaktaurs
  A centaur skeleton (Crypt:3)
  Jeremiah (D:8)
  A rime drake (Lair:1)
  2 sea snake zombies (Hell)
  2 hexers
  10 freezing wraiths
  An anaconda simulacrum (Hell)
  A yellow draconian skeleton (Crypt:1)
  An efreet (D:14)
  2 red devils (Hell)
  2 human skeletons
  3 tengu conjurers
  A white draconian skeleton (Crypt:1)
  7 komodo dragons
  5 guardian mummies (Crypt:1)
  5 trolls
  A hydra zombie (Hell)
  5 polar bears
  A queen bee (shapeshifter) (Depths:3)
  3 tyrant leeches
  Grinder (D:6)
  6 hornets
  4 large abominations
  4 alligator simulacra (IceCv)
  A shadow dragon simulacrum (Depths:3)
  A raiju (Lair:5)
  33 saltlings (Desolation)
  A blink frog (shapeshifter) (Vaults:5)
  16 blink frogs
  An iron dragon simulacrum (Depths:3)
  A glass eye (Depths:2)
  43 flying skulls (Crypt:3)
  A jumping spider (shapeshifter) (Depths:4)
  19 slime creatures
  A culicivora (shapeshifter) (Vaults:5)
  6 wraiths
  A culicivora (Vaults:2)
  A centaur simulacrum (D:14)
  2 vampires
  A dire elephant simulacrum (IceCv)
  4 ynoxinuls (Lair:5)
  29 yaks
  6 spriggans
  2 shadows (Crypt:3)
  2 wyverns
  6 air elementals
  13 humans
  7 water elementals
  Grum (D:8)
  4 basilisks
  2 fire bats (Volcano)
  3 hogs (D:12)
  A fire elemental (Elf:3)
  A neqoxec (Depths:2)
  A steam dragon (D:8)
  7 vampire mosquitoes
  3 redbacks
  7 swamp worms
  2 wargs
  23 nagas
  2 hell hounds (Volcano)
  2 acid dragons
  9 water moccasins
  2 hydra simulacra
  37 orc warriors
  6 black bears
  5 swamp drakes
  2 ice beasts (D:7)
  A manticore zombie (Crypt:2)
  9 ogres
  7 wolves
  10 centaurs
  3 boggarts (Vaults:4)
  2 kobold brigands
  13 bullfrogs
  7 necrophages
  2 earth elementals
  A wight (D:8)
  A wyvern skeleton (Crypt:2)
  15 killer bees
  A lindwurm simulacrum (IceCv)
  2 human simulacra (Vaults:3)
  10 small abominations
  4 electric eels
  6 howler monkeys
  A bullfrog zombie (Crypt:1)
  4 hounds
  2 jellies
  26 orc priests
  A sleepcap (D:8)
  3 iguanas
  Natasha (thrice) (D:4)
  22 orc wizards
  Ijyb (D:4)
  An acid dragon zombie (Crypt:2)
  2 mummies (Crypt:1)
  Robin (D:4)
  8 adders
  13 gnolls
  2 white imps
  3 ufetubi
  An adder skeleton (Crypt:2)
  An iguana skeleton (Crypt:1)
  A lava snake skeleton (Crypt:1)
  2 worms
  3 dart slugs
  106 orcs
  5 ball pythons
  6 bats
  2 endoplasms (D:1)
  A gnoll zombie (Crypt:1)
  11 goblins
  7 hobgoblins
  3 quokkas
  3 frilled lizards
  10 kobolds
  A quokka zombie (Crypt:1)
  4 rats
  A spectral orc (D:14)
  3 creeping infernos (Hell)
  2 fire vortices (Hell)
  A spectral weapon (D:12)
1931 creatures vanquished.

Vanquished Creatures (collateral kills)
  2 dread liches (Zot:5)
  An ancient lich (Zot:5)
  Boris (Crypt:3)
  Vv (Depths:4)
  A Killer Klown (Zot:5)
  Vashnia (Snake:2)
  2 golden dragons
  2 electric golems (Zot:5)
  A Brimstone Fiend (Depths:3)
  A walking crystal tome (Depths:4)
  8 Orb Guardians
  A walking earthen tome (Depths:2)
  3 tentacled monstrosities
  4 sphinxes
  A walking divine tome (Depths:3)
  A quicksilver dragon (Zot:2)
  An ancient champion (Crypt:2)
  2 tengu reavers
  Kirke (D:12)
  2 shadow dragons
  A revenant (Vaults:2)
  A fire giant (Depths:3)
  2 storm dragons
  2 nagarajas
  A draconian scorcher (Zot:5)
  2 vault wardens
  7 frost giants
  3 ironbound preservers
  An angel (Vaults:2)
  A spriggan defender (Depths:2)
  A curse skull (Crypt:1)
  Louise (Depths:3)
  2 ghouls
  An orc warlord (Orc:2)
  A draconian annihilator (Zot:2)
  An ironbound thunderhulk (Vaults:3)
  3 formless jellyfish
  2 stone giants
  2 very ugly things (Depths:3)
  A black draconian (Zot:2)
  2 eleionomae (Swamp:2)
  2 deep elf annihilators
  2 deep elf demonologists
  A red draconian (Zot:2)
  A dire elephant (Vaults:2)
  2 halazid warlocks (Desolation)
  2 purple draconians (Zot:1)
  A yellow draconian (Zot:2)
  The ghost of pigah the Metamorph, a journeyman OpSh of Gozag (Lair:3)
  2 ettins (Vaults:5)
  A blizzard demon (Hell)
  A jiangshi (Depths:1)
  3 yaktaur captains
  2 great orbs of eyes
  Harold (D:9)
  A ragged hierophant (Desolation)
  A vault guard (Vaults:1)
  5 ice dragons
  2 caustic shrike simulacra (IceCv)
  A salamander tyrant (Snake:4)
  4 servants of whispers (Desolation)
  4 hydras
  Fannar (D:10)
  2 alligators
  2 peacekeepers (Desolation)
  2 death knights (Crypt:3)
  An ogre mage (D:15)
  2 centaur warriors
  4 anacondas
  2 ironbound frosthearts (Vaults:3)
  A two-headed ogre (shapeshifter) (Vaults:5)
  2 vampire magi
  2 death yaks (Lair:3)
  7 dancing weapons
  A deep troll shaman (Depths:3)
  2 hell hogs (Depths:3)
  A tengu warrior (Depths:1)
  A naga sharpshooter (Snake:3)
  3 naga warriors
  A spriggan berserker (Depths:1)
  A shock serpent (Snake:1)
  A hell knight (Hell)
  2 sun demons
  Sonja (Lair:3)
  2 soul eaters
  10 deep elf knights
  A crystal echidna (Hell)
  9 skeletal warriors
  A salamander mystic (Snake:1)
  An iron troll (Hell)
  A goliath frog (Swamp:2)
  4 swamp dragons
  An obsidian statue (Depths:4)
  12 deep trolls
  6 deep elf archers
  A deep troll (shapeshifter) (Lair:5)
  2 naga ritualists
  4 arcanists
  A necromancer (D:14)
  A flayed ghost (Vaults:5)
  An orc knight (Elf:1)
  7 deep elf pyromancers
  7 deep elf zephyrmancers
  4 ironbound convokers
  A phantasmal warrior (Crypt:2)
  A mana viper (Snake:4)
  9 ugly things
  3 will-o-the-wisps (Swamp:4)
  4 salamanders
  2 manticores
  A salamander (shapeshifter) (Depths:2)
  A goliath frog skeleton (Crypt:1)
  4 vault sentinels
  3 guardian serpents
  3 naga magi
  A centaur zombie (D:11)
  A moth of wrath (Zot:5)
  6 black mambas
  2 cane toads
  2 smoke demons
  A torpor snail (Lair:3)
  3 komodo dragons
  5 yaktaurs
  A tengu conjurer (Depths:3)
  An anaconda simulacrum (IceCv)
  2 rime drakes
  A troll (D:12)
  3 tyrant leeches
  4 hornets
  14 saltlings (Desolation)
  A raiju (Lair:5)
  6 blink frogs
  2 centaur simulacra
  The ghost of Fractals the Magician, an amateur DEVM of Sif Muna (D:4)
  8 slime creatures
  6 flying skulls (Crypt:3)
  2 air elementals
  3 spriggans
  A shadow (Crypt:3)
  A large abomination (Lair:5)
  A wraith (D:15)
  6 humans
  5 basilisks
  A redback (Vaults:2)
  3 fire bats (Volcano)
  7 yaks
  3 swamp worms
  A harpy simulacrum (IceCv)
  3 nagas
  A warg (Vaults:5)
  9 water moccasins
  A hydra simulacrum (Hell)
  A sky beast (D:7)
  3 ogres
  8 orc warriors
  2 swamp drakes (Swamp:4)
  3 small abominations (Lair:5)
  2 wolves
  3 centaurs
  A necrophage (Crypt:3)
  2 bullfrogs
  3 gnoll sergeants
  2 wights (D:7)
  3 killer bees
  2 howler monkeys
  3 lava snakes (Volcano)
  A jelly (D:6)
  A gnoll bouda (D:5)
  7 orc priests
  A hound (D:4)
  A sleepcap (D:8)
  7 orc wizards
  7 gnolls
  An adder (D:4)
  An ufetubus (D:7)
  2 worms
  28 orcs
  A bat (D:3)
  A giant cockroach (D:4)
  2 goblins (D:4)
  A hobgoblin (D:3)
  A kobold (D:11)
  2 fire vortices (Hell)
  A spectral weapon (Elf:2)
488 creatures vanquished.

Vanquished Creatures (others)
  A dread lich (Zot:5)
  An Executioner (Zot:5)
  A draconian scorcher (Zot:5)
  An ice dragon (Depths:2)
  A deep troll shaman (Depths:2)
  A necromancer (Hell)
  A deep elf archer (Elf:1)
  A wolf spider (D:15)
  A deep elf pyromancer (Elf:1)
  A black mamba (shapeshifter) (D:15)
  A spark wasp simulacrum (Depths:3)
  2 bloated husks (Swamp:4)
  A saltling (Desolation)
  A water elemental (Hell)
  A basilisk (shapeshifter) (Elf:2)
  2 swamp drakes (Swamp:4)
  A boggart (Vaults:4)
  2 lava snakes
  An orc priest (Orc:2)
  64 hexers
  2 ancestors (D:3)
  4 orcs (Elf:1)
  A fire vortex (Hell)
  21 foxfires
114 creatures vanquished.

Grand Total: 2533 creatures vanquished

Notes
Turn   | Place    | Note
-------+----------+-------------------------------------------
     0 | D:1      | Forgeling the Hill Orc Reaver began the quest for the Orb.
     0 | D:1      | Reached XP level 1. HP: 18/18 MP: 3/3
   211 | D:1      | Reached XP level 2. HP: 21/25 MP: 4/4
   314 | D:1      | Reached skill level 5 in Axes
   791 | D:2      | Found a hazy altar of Hepliaklqana.
   799 | D:2      | Became a worshipper of Hepliaklqana the Forgotten
   907 | D:2      | Reached XP level 3. HP: 28/30 MP: 5/5
   952 | D:2      | Reached skill level 1 in Throwing
  1236 | D:2      | Reached XP level 4. HP: 32/37 MP: 6/6
  1951 | D:3      | Reached * piety under Hepliaklqana
  2150 | D:3      | Found a radiant altar of Vehumet.
  2150 | D:3      | Found a shadowy altar of Dithmenos.
  2253 | D:3      | Found a hazy altar of Hepliaklqana.
  2259 | D:3      | Reached XP level 5. HP: 37/37 MP: 7/7
  2380 | D:4      | Noticed Ijyb
  2430 | D:4      | Noticed Fractals's ghost (amateur DEVM)
  2473 | D:4      | Noticed a black bear
  2488 | D:4      | Found a transporter.
  2488 | D:4      | Found a transporter.
  2488 | D:4      | Killed a black bear
  2489 | D:4      | Reached XP level 6. HP: 45/45 MP: 8/8
  2535 | D:4      | Reached ** piety under Hepliaklqana
  2536 | D:4      | Remembered your ancestor Zimri-Dagan as a hexer
  2561 | D:4      | Noticed Natasha
  2568 | D:4      | Killed Natasha
  2661 | D:4      | Noticed Robin
  2666 | D:4      | Noticed Natasha
  2670 | D:4      | Killed Robin
  2711 | D:4      | Killed Ijyb
  2795 | D:4      | Killed Natasha
  2934 | D:4      | Reached XP level 7. HP: 43/53 MP: 9/9
  3085 | D:4      | Noticed Natasha
  3092 | D:4      | Killed Natasha
  3346 | D:5      | Entered Level 5 of the Dungeon
  3837 | D:5      | Reached XP level 8. HP: 33/59 MP: 10/10
  3932 | D:5      | Reached skill level 10 in Axes
  4287 | D:5      | Reached skill level 1 in Armour
  4588 | D:6      | Reached skill level 5 in Fighting
  4591 | D:6      | Noticed Grinder
  5003 | D:6      | Reached XP level 9. HP: 67/67 MP: 11/11
  5415 | D:7      | Reached *** piety under Hepliaklqana
  5479 | D:7      | Found a flagged portal.
  5504 | Bailey   | Entered a bailey
  5778 | D:7      | Found a staircase to the Ecumenical Temple.
  6072 | D:7      | Reached skill level 1 in Invocations
  6121 | D:7      | Found a basalt altar of Yredelemnul.
  6844 | D:8      | Noticed Jeremiah
  7486 | D:8      | Reached **** piety under Hepliaklqana
  7547 | D:8      | Noticed Grum
  7557 | D:8      | Reached XP level 10. HP: 68/78 MP: 13/13
  7827 | D:8      | Reached skill level 5 in Invocations
  7837 | D:8      | Killed Grum
  8010 | D:8      | Found a hide-covered altar of Uskayaw.
  8185 | D:4      | Paralysed by a gnoll for 3 turns
  8253 | D:4      | Killed Fractals's ghost
  8484 | D:6      | Killed Grinder
  8586 | D:9      | Noticed Harold
  8599 | D:9      | Killed Harold
  8600 | D:9      | Reached skill level 15 in Axes
  8764 | D:9      | Noticed an arcanist
  8931 | D:9      | Killed an arcanist
  8932 | D:9      | Reached XP level 11. HP: 87/87 MP: 12/17
  9132 | D:9      | Reached skill level 5 in Armour
  9337 | D:9      | Found a sacrificial altar of Ru.
  9606 | D:9      | Found a stormy altar of Qazlal.
  9646 | D:9      | Found a roughly hewn altar of Beogh.
  9646 | D:9      | Found a staircase to the Orcish Mines.
  9982 | D:10     | Entered Level 10 of the Dungeon
 10003 | D:10     | Noticed a two-headed ogre
 10020 | D:10     | Killed a two-headed ogre
 10056 | D:10     | Noticed Maurice
 10076 | D:10     | Killed Maurice
 10104 | D:10     | Reached skill level 10 in Armour
 10129 | D:10     | Noticed Fannar
 10156 | D:10     | Killed Fannar
 10461 | D:10     | Found a broken altar of Ashenzari.
 10637 | D:11     | Found a staircase to the Lair.
 10639 | D:11     | Noticed a manticore
 10652 | D:11     | Killed a manticore
 10752 | D:11     | Noticed a centaur warrior
 10813 | D:11     | Killed a centaur warrior
 10839 | D:10     | Noticed a deep elf pyromancer
 10840 | D:10     | Noticed a tengu warrior
 10845 | D:10     | Noticed a centaur warrior
 10856 | D:11     | Killed a deep elf pyromancer
 10969 | D:10     | Killed a centaur warrior
 10970 | D:10     | Reached skill level 10 in Fighting
 10972 | D:10     | Noticed a centaur warrior
 10979 | D:11     | Killed a tengu warrior
 10980 | D:11     | Reached XP level 12. HP: 62/95 MP: 15/18
 11186 | D:11     | Noticed a two-headed ogre
 11197 | D:11     | Killed a two-headed ogre
 11363 | D:10     | Killed a centaur warrior
 11364 | D:10     | Reached skill level 15 in Armour
 11538 | D:10     | Identified the +2 leather armour "Upuc" {Int+3}
 11686 | D:11     | Reached skill level 1 in Shields
 11821 | D:11     | Found a runed translucent gate.
 11821 | D:11     | Found a runed translucent gate.
 11821 | D:11     | Found a runed translucent gate.
 11822 | D:11     | Noticed hgbash's ghost (journeyman GrEE)
 11987 | D:11     | Noticed a two-headed ogre
 11996 | D:11     | Killed a two-headed ogre
 12035 | D:11     | Noticed a yaktaur captain
 12044 | D:11     | Killed a yaktaur captain
 12163 | D:11     | Identified the +9 great sword "Egyil" {flame, rN++}
 12292 | D:12     | Identified the of Deprusch
 12292 | Lair:1   | Entered Level 1 of the Lair of Beasts
 12421 | Lair:1   | Reached skill level 5 in Shields
 12636 | Lair:1   | Found a dark tunnel.
 12751 | Volcano  | Entered a volcano
 12989 | Volcano  | Found a radiant altar of Vehumet.
 12990 | Volcano  | Reached XP level 13. HP: 104/104 MP: 19/19
 13619 | Lair:1   | Reached ***** piety under Hepliaklqana
 14867 | Lair:2   | Found a staircase to the Snake Pit.
 14870 | Lair:2   | Reached skill level 5 in Dodging
 15729 | Lair:3   | Found a runed translucent door.
 15731 | Lair:3   | Noticed pigah's ghost (journeyman OpSh)
 15885 | Lair:3   | Found a staircase to the Swamp.
 16048 | Lair:3   | Reached skill level 10 in Shields
 16498 | Lair:3   | Noticed Sonja
 16513 | Lair:3   | Killed Sonja
 16586 | Lair:3   | Reached skill level 10 in Invocations
 16588 | Lair:3   | Reached XP level 14. HP: 81/116 MP: 21/21
 16777 | Lair:3   | Killed pigah's ghost
 17380 | Lair:4   | Found a staircase to the Slime Pits.
 17437 | Lair:4   | Reached skill level 1 in Evocations
 17669 | Lair:4   | Identified the +0 chain mail "Fasaneis" {Harm rElec Str+4}
 17893 | Lair:5   | Identified the of Gafe
 17893 | Lair:5   | Identified the of Ycililywk
 17893 | Lair:5   | Entered Level 5 of the Lair of Beasts
 18196 | Lair:5   | Reached skill level 5 in Throwing
 18934 | Lair:5   | Reached skill level 5 in Evocations
 18955 | Lair:5   | Found a corrupted altar of Lugonu.
 18956 | Lair:5   | Found a one-way gate to the infinite horrors of the Abyss.
 19736 | D:8      | Killed Jeremiah
 19849 | D:11     | Killed hgbash's ghost
 19856 | D:11     | Reached XP level 15. HP: 115/121 MP: 23/23
 20101 | D:12     | Noticed Kirke
 20243 | D:12     | Killed Kirke
 20296 | D:12     | You fall into a shaft and drop 2 floors!
 20717 | D:14     | Found a frozen archway.
 20853 | IceCv    | Entered an ice cave
 21148 | D:13     | Reached skill level 15 in Invocations
 22143 | Orc:1    | Entered Level 1 of the Orcish Mines
 22143 | Orc:1    | Found Nun Naysch's Antique Armour Shoppe.
 22219 | Orc:2    | Entered Level 2 of the Orcish Mines
 22219 | Orc:2    | Found a staircase to the Elven Halls.
 22557 | Orc:1    | Reached XP level 16. HP: 118/128 MP: 25/28
 22690 | Orc:1    | Found a runed translucent gate.
 22690 | Orc:1    | Found a runed translucent gate.
 22690 | Orc:1    | Found a runed translucent gate.
 22692 | Orc:1    | Noticed Caicsaam's ghost (journeyman MiFi)
 22813 | Orc:1    | Killed Caicsaam's ghost
 22976 | Orc:2    | Noticed Snorg
 22982 | Orc:2    | Killed Snorg
 23491 | Orc:2    | Paralysed by an orc sorcerer for 5 turns
 23496 | Orc:2    | Found Runwesmo's Book Emporium.
 23950 | Orc:2    | Found Asadog's Weapon Emporium.
 23995 | Orc:2    | Found Gihes's Armour Shop.
 24002 | Orc:2    | Found Sagukhop's Antique Armour Shop.
 24028 | Orc:2    | Bought a pair of runed gloves for 187 gold pieces
 24099 | Orc:1    | Bought a glowing plate armour for 572 gold pieces
 24099 | Orc:1    | Bought a shiny plate armour for 572 gold pieces
 24175 | Orc:2    | Bought the +3 pair of seven-league boots {Rampage+∞} for
                  | 600 gold pieces
 24175 | Orc:2    | Found the +3 pair of seven-league boots {Rampage+∞}
 24727 | D:13     | Found Muith's Jewellery Shoppe.
 25186 | D:14     | Found a gate to the Vaults.
 25363 | D:14     | Found a basalt altar of Yredelemnul.
 25795 | D:15     | Entered Level 15 of the Dungeon
 26395 | D:15     | Reached skill level 15 in Fighting
 26736 | D:15     | Found a staircase to the Depths.
 26963 | Snake:1  | Entered Level 1 of the Snake Pit
 27000 | Snake:1  | Reached ****** piety under Hepliaklqana
 27002 | Snake:1  | Noticed Frances
 27018 | Snake:1  | Killed Frances
 27144 | Snake:1  | Found Kuomeho's Gadget Gallery.
 27148 | Snake:1  | Identified the serpent talisman of Okawaru's Castigation
                  | {rElec rC++ rCorr Int-5}
 27148 | Snake:1  | Noticed Aizul
 27162 | Snake:1  | Killed Aizul
 27163 | Snake:1  | Reached XP level 17. HP: 79/140 MP: 16/29
 27316 | Snake:1  | Bought a lightning rod (4/4) for 640 gold pieces
 27737 | Snake:1  | Found Miassequ's Jewellery Emporium.
 27737 | Snake:1  | Found Nukligrode's Book Shop.
 27738 | Snake:1  | Found Rinatt's Jewellery Emporium.
 29240 | Snake:2  | Noticed Vashnia
 29284 | Snake:2  | Killed Vashnia
 29980 | Snake:3  | Found Imubannu's Jewellery Boutique.
 30546 | Snake:3  | Identified the orb of Orunaod {*channel, rN+}
 30561 | Snake:3  | Found Bigimo's General Store.
 30675 | Snake:3  | Found Pekoocex's Book Emporium.
 31450 | Snake:4  | Entered Level 4 of the Snake Pit
 31614 | Snake:4  | Identified the ring "Laxizuc" {+Blink AC+4}
 31898 | Snake:4  | Reached XP level 18. HP: 135/149 MP: 26/30
 32071 | Snake:4  | Found Neomovic's Antique Armour Boutique.
 33354 | Snake:4  | Reached skill level 10 in Evocations
 33888 | Snake:4  | Got a serpentine rune of Zot
 33895 | Snake:4  | Reached XP level 19. HP: 154/154 MP: 32/32
 33896 | Snake:4  | Reached XP level 20. HP: 162/162 MP: 33/33
 34252 | Swamp:1  | Entered Level 1 of the Swamp
 36321 | Swamp:3  | Paralysed by a fenstrider witch for 3 turns
 36781 | Swamp:4  | Entered Level 4 of the Swamp
 36801 | Swamp:4  | Reached XP level 21. HP: 169/169 MP: 35/35
 37740 | Swamp:4  | Got a decaying rune of Zot
 37945 | Snake:1  | Bought the ring "Cewaup" {Will+ rCorr Int+2 SInv} for 533
                  | gold pieces
 38130 | Vaults:1 | Entered Level 1 of the Vaults
 39367 | Desolati | Identified the of Xecok
 39367 | Desolati | Identified the "Cotupp"
 39367 | Desolati | Identified the "Dountoom"
 39367 | Desolati | Identified the of Vimpoorch
 39367 | Desolati | Identified the of Haomug
 39367 | Desolati | Identified the of Xariro Codo
 39367 | Desolati | Identified the of Qongen
 39367 | Desolati | Identified the "Renewkam"
 39421 | Vaults:2 | Found a staircase to the Crypt.
 39785 | Vaults:2 | Found a glowing silver altar of Zin.
 39793 | Vaults:2 | Found a white marble altar of Elyvilon.
 39793 | Vaults:2 | Found a crumbling gateway.
 39793 | Vaults:2 | Found a glowing golden altar of the Shining One.
 39887 | Desolati | Entered the Desolation of Salt
 39908 | Desolati | Reached XP level 22. HP: 131/175 MP: 23/37
 39989 | Desolati | Identified the ring "Rieduck" {AC+4 Str+2 Int+2}
 40027 | Desolati | Identified the ring "Caint" {Str+2 Int+6 Slay+2}
 40220 | Desolati | Identified the +1 rapier of Tension {speed, MP-9 Int+2
                  | SInv}
 40400 | Desolati | Identified the ring "Okeack" {*Slow rPois rN++ Dex+4}
 40542 | Desolati | Identified the +6 chain mail "Adwat" {rC++ Regen+}
 40806 | Vaults:2 | Found Natsiafi's Jewellery Shoppe.
 41318 | Vaults:2 | Identified a scroll of acquirement
 41318 | Vaults:2 | Acquired a manual of Fighting
 42928 | Vaults:4 | Identified the +5 flail of Disorder {heavy, rPois rC-
                  | Int+3}
 43217 | Vaults:4 | Reached XP level 23. HP: 198/198 MP: 38/38
 43361 | Vaults:4 | Found Vooppassukk's Distillery.
 43423 | Vaults:4 | Paralysed by a formless jellyfish for 1 turns
 44506 | Elf:1    | Identified the "Urush"
 44506 | Elf:1    | Entered Level 1 of the Elven Halls
 44579 | Elf:1    | Paralysed by an air elemental for 1 turns
 44598 | Elf:1    | Paralysed by an air elemental for 1 turns
 44604 | Elf:1    | Paralysed by an air elemental for 1 turns
 44607 | Elf:1    | Paralysed by an air elemental for 1 turns
 44690 | Elf:1    | Paralysed by an air elemental for 1 turns
 44894 | Elf:1    | Paralysed by an air elemental for 1 turns
 45007 | Elf:1    | Identified the +5 scale mail of Past Mistakes {Rampage
                  | Str+3 Int+3}
 45407 | Elf:1    | Paralysed by an air elemental for 1 turns
 45408 | Elf:1    | Found a radiant altar of Vehumet.
 45428 | Elf:1    | Identified the +0 plate armour "Ebbiumaxt" {Rampage
                  | *Corrode +Inv Int+4}
 45533 | Elf:1    | Found a runed translucent gate.
 45533 | Elf:1    | Found a runed translucent gate.
 45533 | Elf:1    | Found a runed translucent gate.
 45533 | Elf:1    | Found a runed translucent gate.
 45533 | Elf:1    | Found a runed translucent gate.
 45541 | Elf:1    | Found a runed translucent gate.
 45578 | Elf:1    | Reached skill level 15 in Shields
 46254 | Elf:2    | Found a runed translucent gate.
 46257 | Elf:2    | Found a runed translucent gate.
 46257 | Elf:2    | Found a runed translucent gate.
 46890 | Elf:2    | Reached skill level 10 in Dodging
 46892 | Elf:2    | Reached XP level 24. HP: 203/205 MP: 37/38
 47345 | Elf:3    | Entered Level 3 of the Elven Halls
 47385 | Elf:3    | Paralysed by an air elemental for 1 turns
 47635 | Elf:3    | Found Obyx's Assorted Antiques.
 47643 | Elf:3    | Bought a smoking buckler for 247 gold pieces
 47643 | Elf:3    | Identified the +4 buckler "Ytrob" {rElec} (You bought it in
                  | a shop on level 3 of the Elven Halls)
 47870 | Elf:3    | Identified the +5 glaive of the Kissing Gods {antimagic,
                  | Int+4}
 47870 | Elf:3    | Identified the ring "Ziluj" {Fly rCorr Str+4}
 48245 | Elf:3    | Found the +4 consecrated labrys {holy, Valiant Fragile Fly
                  | SInv}
 48271 | Elf:3    | Identified the +0 trident "Liluifomoj" {venom, Str+2
                  | Stlth+}
 48282 | Elf:3    | Identified the +9 hand axe "Egaox" {flame, rPois rC+ rCorr
                  | Int+2}
 48307 | Elf:3    | Identified the +7 morningstar of Nice Exoneration {drain,
                  | *Rage Int+4 Dex+7}
 48780 | Snake:1  | Bought a manual of Fighting for 1520 gold pieces
 48984 | Depths:1 | Entered Level 1 of the Depths
 49184 | Depths:1 | Found a gateway to Hell.
 49919 | Depths:1 | Found a glowing silver altar of Zin.
 50492 | Depths:2 | Identified the +7 flail "Keuhuarch" {heavy, *Noise rElec
                  | Str+3 Dex+3}
 50604 | Depths:2 | Identified the +1 leather armour "Buat" {Harm rC- Regen+
                  | Dex+3}
 50969 | Depths:2 | Reached XP level 25. HP: 223/223 MP: 38/39
 51018 | Depths:2 | Found a one-way gateway to a ziggurat.
 51030 | Depths:2 | Found a one-way gate leading to the halls of Pandemonium.
 51513 | Depths:3 | Identified the ring of Maoch {Ice Dex+4}
 51513 | Depths:3 | Noticed Josephina
 51527 | Depths:3 | Killed Josephina
 51663 | Depths:3 | Identified the +2 quarterstaff of the Spider {protect,
                  | rPois rF++}
 51823 | Depths:3 | Noticed Louise
 51832 | Depths:3 | Killed Louise
 52521 | Depths:4 | Entered Level 4 of the Depths
 52521 | Depths:4 | Found Muaklo's Armour Shoppe.
 52578 | Depths:4 | Identified the +1 pair of gloves of Dishonour {rElec Str+3}
 52884 | Depths:4 | Found a runed translucent gate.
 52884 | Depths:4 | Found a runed translucent gate.
 52885 | Depths:4 | Found a runed translucent gate.
 52885 | Depths:4 | Found an opulent altar of Gozag.
 52886 | Depths:4 | Noticed Ymesich's ghost (veteran HOGl)
 52891 | Depths:4 | Found Xystor's Weapon Shoppe.
 52895 | Depths:4 | Found Rill's General Store.
 52897 | Depths:4 | Noticed Vv
 52903 | Depths:4 | Noticed Boris
 53008 | Depths:4 | Found a gate to the Realm of Zot.
 53200 | Depths:4 | Killed Boris
 53400 | Depths:4 | Killed Vv
 53564 | Depths:2 | Identified the +0 quarterstaff of Hairy Honour {heavy,
                  | Dex+3 Stlth+}
 53880 | Vaults:5 | Entered Level 5 of the Vaults
 53956 | Crypt:1  | Entered Level 1 of the Crypt
 54872 | Crypt:2  | Reached XP level 26. HP: 230/231 MP: 39/39
 55435 | Crypt:3  | Entered Level 3 of the Crypt
 55483 | Crypt:3  | Noticed Sojobo
 55491 | Crypt:3  | Killed Sojobo
 55621 | Crypt:3  | Found an ancient bone altar of Kikubaaqudgha.
 55684 | Crypt:3  | Identified the +2 dagger of the Blessed Realm {flame,
                  | Str+4}
 55808 | Crypt:3  | Noticed Boris
 55815 | Crypt:3  | Killed Boris
 55998 | Crypt:3  | Found a staircase to the Tomb.
 56198 | Crypt:3  | Identified the +4 robe "Neomp" {rElec Str+2 Int+3 Slay-4}
 56524 | Crypt:2  | Found an ancient bone altar of Kikubaaqudgha.
 56997 | Depths:3 | Killed Ymesich's ghost
 57438 | Snake:1  | Bought a tin of tremorstones (2/2) for 640 gold pieces
 57438 | Snake:1  | Bought a phantom mirror for 640 gold pieces
 57438 | Snake:1  | Bought a phial of floods for 640 gold pieces
 57685 | Hell     | Entered the Vestibule of Hell
 57685 | Hell     | Noticed Geryon
 57701 | Hell     | Killed Geryon
 57926 | Hell     | Found a gateway to the Iron City of Dis.
 57960 | Hell     | Found a gateway to the freezing wastes of Cocytus.
 58142 | Hell     | Found a gateway to the decaying netherworld of Tartarus.
 58239 | Hell     | Found a gateway to the ashen valley of Gehenna.
 58663 | Vaults:5 | Reached skill level 27 in Axes
 58669 | Vaults:5 | Reached XP level 27. HP: 189/239 MP: 20/39
 58671 | Vaults:5 | Noticed a dread lich
 58702 | Vaults:5 | Killed a dread lich
 58785 | Vaults:5 | Noticed Saint Roka
 58796 | Vaults:5 | Killed Saint Roka
 58989 | Vaults:5 | Identified the ring "Fodiywy" {rC+ Int+3}
 59065 | Vaults:5 | Found Lewial's Magic Scroll Shoppe.
 59077 | Vaults:5 | Reached skill level 27 in Fighting
 59295 | Vaults:5 | Got a silver rune of Zot
 59504 | Vaults:5 | Identified the +1 short sword "Cycylali" {speed, rF+ Will+
                  | Dex-2}
 59511 | Vaults:5 | Identified the +1 rapier "Xyjoojo" {spect, rC- Str+5}
 60428 | Zot:1    | Entered Level 1 of the Realm of Zot
 62142 | Zot:2    | Reached skill level 15 in Evocations
 62912 | Zot:3    | Identified the +7 halberd of Theory {freeze, Will+ Str+4}
 63152 | Zot:3    | Found a viscous altar of Jiyva.
 65353 | Vaults:5 | Bought a scroll of enchant armour for 157 gold pieces
 65353 | Vaults:5 | Bought a scroll of enchant weapon for 157 gold pieces
 65802 | Elf:3    | Bought a scroll of enchant weapon for 195 gold pieces
 66273 | Zot:5    | Entered Level 5 of the Realm of Zot
 66714 | Zot:5    | Noticed an orb of fire
 66718 | Zot:5    | Gained mutation: You sometimes lose your temper in combat.
                  | [an orb of fire]
 66720 | Zot:5    | Gained mutation: You are vulnerable to heat. (rF-) [an orb
                  | of fire]
 66723 | Zot:5    | Killed an orb of fire
 66732 | Zot:5    | Noticed a dread lich
 66764 | Zot:4    | Lost mutation: You sometimes lose your temper in combat.
                  | [potion of mutation]
 66764 | Zot:4    | Lost mutation: You are vulnerable to heat. (rF-) [potion of
                  | mutation]
 66764 | Zot:4    | Gained mutation: Your system is resistant to poisons.
                  | (rPois) [potion of mutation]
 66764 | Zot:4    | Gained mutation: You are frail. (-10% HP) [potion of
                  | mutation]
 66764 | Zot:4    | Gained mutation: Armour fits poorly on your strangely
                  | shaped body. [potion of mutation]
 66764 | Zot:4    | Gained mutation: Your flesh is cold resistant. (rC+)
                  | [potion of mutation]
 66874 | Zot:5    | Noticed a dread lich
 66875 | Zot:5    | Noticed an ancient lich
 66888 | Zot:5    | Noticed an orb of fire
 66888 | Zot:5    | Noticed a dread lich
 66888 | Zot:5    | Noticed a dread lich
 66888 | Zot:5    | Noticed a dread lich
 66951 | Zot:5    | Noticed an orb of fire
 66966 | Zot:5    | Gained mutation: You are dopey. (Int -2) [an orb of fire]
 66969 | Zot:5    | Killed an orb of fire
 66980 | Zot:5    | Killed a dread lich
 66982 | Zot:5    | Killed a dread lich
 67039 | Zot:5    | Killed a dread lich
 67390 | Zot:5    | Gained mutation: You are very frail. (-20% HP) [an orb of
                  | fire]
 67397 | Zot:5    | Killed an ancient lich
 67397 | Zot:5    | Killed a dread lich
 67399 | Zot:5    | Killed an orb of fire
 67652 | Zot:5    | Noticed an ancient lich
 67659 | Zot:5    | Noticed an ancient lich
 67666 | Zot:5    | Killed an ancient lich
 67672 | Zot:5    | Killed an ancient lich
 67876 | Zot:5    | Paralysed by a dread lich for 5 turns
 67882 | Zot:5    | Noticed an orb of fire
 67892 | Zot:5    | Killed a dread lich
 67900 | Zot:5    | Killed an orb of fire
 67914 | Zot:5    | Noticed a dread lich
 67918 | Zot:5    | Paralysed by a dread lich for 4 turns
 67928 | Zot:5    | Killed a dread lich
 68088 | Zot:5    | Lost mutation: Your system is resistant to poisons. (rPois)
                  | [potion of mutation]
 68088 | Zot:5    | Lost mutation: You are very frail. (-20% HP) [potion of
                  | mutation]
 68088 | Zot:5    | Lost mutation: You are dopey. (Int -2) [potion of mutation]
 68088 | Zot:5    | Lost mutation: Armour fits poorly on your strangely shaped
                  | body. [potion of mutation]
 68089 | Zot:5    | Lost mutation: Your flesh is cold resistant. (rC+) [potion
                  | of mutation]
 68089 | Zot:5    | Lost mutation: You are frail. (-10% HP) [potion of
                  | mutation]
 68089 | Zot:5    | Gained mutation: You possess an exceptional clarity of
                  | mind. [potion of mutation]
 68089 | Zot:5    | Gained mutation: You are agile. (Dex +4, Str/Int -1)
                  | [potion of mutation]
 68090 | Zot:5    | Got the Orb of Zot
 68234 | Zot:1    | Reached skill level 15 in Dodging
 68655 | D:1      | Noticed Laiqulul the pandemonium lord
 68666 | D:$      | Escaped with the Orb!

Illustrated notes

Levels and vault maps discovered:
D:1:      roderic_dead_forest, layout_basic
D:2:      layout_basic, basic_altar
D:3:      layout_rooms, lemuel_round_altar, gammafunk_temple_overflow_wave
D:4:      layout_loops_ring, gammafunk_ghost_gnarly_gnolls,
          nicolae_figureground_sparkle, uniq_natasha, uniq_robin, uniq_ijyb
D:5:      nicolae_BIG_FREAKIN_CUBE, layout_rooms
D:6:      layout_loops_cross, nrook_mini_vaults, uniq_grinder
D:7:      layout_layer_cave, nicolae_overflow_crystal_walls, temple_fountains,
          enter_bailey_6, solitary_fountain
D:8:      layout_rooms, eat_drink_and_be_merry_uskayaw, uniq_grum, uniq_jeremiah
D:9:      cheibrodos_wizards_tower, layout_basic, mainiacjoe_overflow_24_doors,
          lemuel_crystal_altar, david_orc_5, minmay_ruffians, uniq_harold
D:10:     cheibrodos_elevator_heist, layout_rooms, grunt_ashenzari_visionary
          [grunt_ashenzari_visionary_swamp, grunt_ashenzari_visionary_snake],
          uniq_fannar, uniq_maurice
D:11:     layout_irregular_city, dpeg_oklobed_lair, gammafunk_ghost_necromancy,
          minmay_three_doors
D:12:     layout_basic, elves_outpost_lemuel, uniq_kirke
D:13:     layout_small_grid, serial_shops, shop
D:14:     layout_rooms, grunt_vaults_entry_tiered, portal_ice_cave_entry_dragon,
          kennysheep_minor_cross, yredelemnul_forgotten_temple_becter
D:15:     grunt_enter_depths_snipers, layout_rooms, lightli_corner_chamber
Lair:1:   layout_layer_cave, serial_forest, infiniplex_forest_lined_3,
          infiniplex_forest_clump_cross, infiniplex_forest_zigzag_1,
          infiniplex_forest_lined_room_2, infiniplex_forest_clump_tiny,
          infiniplex_forest_straight_3, infiniplex_forest_lined_corner,
          infiniplex_forest_straight_4, nicolae_volcano_entry_hallway,
          serial_bayou_shore_b
Lair:2:   beast_lair_carwin_large_2, layout_layer_cave,
          minmay_snake_entry_six_corridors, minmay_lindwurm_lava,
          lemuel_fruit_tree
Lair:3:   layout_roguey, minmay_swamp_entry_wisps, gammafunk_ghost_grave,
          uniq_sonja
Lair:4:   layout_regular_city, slime_entry_1, nicolae_quartered_pool_medium,
          grunt_megastairs_4, serial_bayou_shore_a
Lair:5:   hellmonk_lair_end_abyssal_woods, layout_loops_ring,
          lemuel_fruit_fields, infiniplex_staircase_pool, grunt_megastairs_2
Swamp:1:  layout_falls_marsh, serial_swamp_ruin, evilmike_swamp_ruin_house_4,
          evilmike_swamp_ruin_house_2, nicolae_swamp_tree_isthmus
Swamp:2:  nicolae_swamp_wrong_neighborhood, layout_basic_swamp,
          nicolae_swamp_dense_foliage
Swamp:3:  dpeg_oklob_gauntlet, layout_basic_swamp, evilmike_swamp_ruin_rubble_1
Swamp:4:  swamp_fiery, layout_basic_swamp, roderic_carrion_pond, swamp_pool_1_2,
          hangedman_swamp_pad
Snake:1:  layout_chambers, nicolae_shop_gadgets, minmay_shop_grove,
          grunt_megastairs_3, uniq_aizul, uniq_frances
Snake:2:  layout_honeycomb, uniq_vashnia
Snake:3:  layout_layer_cave, nicolae_stop_n_shop_2, nicolae_take_the_stairs,
          st_stairs_5, minmay_shop_enchanted_jewellery
Snake:4:  grunt_snake_rune_serpentine_throne, layout_cave_town, serial_shops,
          shop
Orc:1:    layout_caves, serial_shops, shop, ebering_ghost_rock_garden
Orc:2:    st_orc_elflike, layout_caves, mines2_lemuel, uniq_snorg
Elf:1:    cheibrodos_salmonella, layout_loops_corners, orc_legates,
          lemuel_statue_altar
Elf:2:    elven_hall_of_blades_hangedman_original [nicolae_blade_tridents],
          layout_loops_cross, nicolae_twisty_statue_hallways, lemuel_elevator
Elf:3:    minmay_elf_hall_x, layout_gridlike, serial_shops, shop
Vaults:1: v_misc_10, vaults_standard_mumra_enter_the_diamond,
          vaults_dpeg_spiral, nicolae_vaults_oval_intersection,
          hangedman_vaults_slice, vaults_dpeg_ring,
          nicolae_vaults_double_plus_3, dpeg_vaults_monster_box,
          layout_vaults_quadrants
Vaults:2: portal_desolation_entry_holy_temple, v_misc_2,
          nicolae_vaults_yaktaur_gun_rack, nicolae_vaults_house_3,
          nicolae_vaults_spaceships, minmay_crypt_entry_simple_corners,
          hangedman_vaults_stream, nicolae_vaults_octothorpe, v_misc_23,
          vaults_mumra_lcd, layout_vaults_ring, serial_shops, nicolae_shop_trees
Vaults:3: nicolae_vaults_trapezoid_lopsided_2, nicolae_vaults_little_squares_1,
          nicolae_vaults_closet_pinwheel_6, nicolae_vaults_frosty_reception,
          hangedman_vaults_slither, nicolae_vaults_apartment_1, v_misc_28,
          nicolae_vaults_ring_of_whatevers, nicolae_vaults_tetromino_L_1,
          serial_ice_m, nicolae_vaults_house_1, nicolae_vaults_shock_wave,
          nicolae_vaults_border_crossing, nicolae_vaults_mini_display_case,
          layout_vaults_omnicross
Vaults:4: v_misc_29, nicolae_vaults_offset_grid_hallway_2,
          grunt_vaults_diagonal, ontoclasm_vaults_loading_screen,
          nicolae_vaults_tangram_2, nicolae_vaults_surprise_closet,
          ontoclasm_vaults_tryst, nicolae_vaults_little_squares_6,
          nicolae_vaults_cornered_office, v_rooms_5, nicolae_vaults_diamond_1,
          vaults_mumra_bighexcomb, nicolae_vaults_trapezoid_lopsided_1,
          nicolae_vaults_sealed_display, layout_vaults_omnibox, serial_shops,
          nicolae_shop_pleasant_corner_grove
Vaults:5: serial_shops, uniq_saint_roka
Crypt:1:  layout_chaotic_city, columned_hall_lemuel, st_burial_chamber
Crypt:2:  layout_chaotic_city, lemuel_upstairs_altar
Crypt:3:  grunt_crypt_end_deaths_head, uniq_sojobo
Depths:1: layout_honeycomb, dk_noncrumbling_3, hell_entry, zin_treasury,
          grunt_megastairs_5
Depths:2: nzn_winding_woodlands_large [nzn_winding_woodlands_5x5_closed_star,
          nzn_winding_woodlands_5x15_cabin,
          nzn_winding_woodlands_5x5_checkerboard,
          nzn_winding_woodlands_center_garden,
          nzn_winding_woodlands_15x15_boxy_spiral,
          nzn_winding_woodlands_center_pierced_h,
          nzn_winding_woodlands_5x5_cross,
          nzn_winding_woodlands_5x15_river_crossing,
          nzn_winding_woodlands_5x5_open_star], layout_basic, enter_ziggurat_e,
          hell_entry, pan_entry, firewood_loft
Depths:3: minmay_the_grid_4x2 [minmay_the_grid_minigrid_large,
          minmay_the_grid_paths, minmay_the_grid_broken_lines,
          minmay_the_grid_mess, minmay_the_grid_pillar_ring,
          minmay_the_grid_eight, minmay_the_grid_spin_star,
          minmay_the_grid_prize_big_room], layout_honeycomb,
          minmay_misc_feat_columns, nicolae_abyss_entry_one_way_or_another,
          grunt_hell_horde, kennysheep_potato, infiniplex_staircase_pillars_2,
          uniq_josephina
Depths:4: grunt_zot_entry_alcove, layout_basic, pf_vacation_house_of_asmodeus,
          ebering_ghost_gozag, serial_shops, shop, shop, shop, uniq_boris,
          uniq_vv
Hell
Zot:1:    layout_cellular_growth, zot_minivault_8
Zot:2:    kennysheep_blocky_room, layout_misc_corridors, lemuel_lich_library
Zot:3:    layout_cathedral_of_symmetry, regret_index_zotdec_slimy_original
Zot:4:    layout_gridlike
Zot:5:    layout_basic

Skill      XL: |  1  2  3  4  5  6  7  8  9 10 11 12 13 14 15 16 17 18 19 20 21 22 23 24 25 26 27 |
---------------+----------------------------------------------------------------------------------+-----
Axes           | 5 6 7 8 9 11 13 15 16 18 20 22 23 24 25 27 | 27.0
Throwing       | 1 2 3 4 6 |  6.0
Fighting       | 3 4 6 7 9 10 11 13 15 16 21 24 25 27 | 27.0
Armour         | 3 13 15 16 17 19 21 22 23 | 23.8
Invocations    | 4 8 10 11 17 19 21 22 24 26 | 26.2
Shields        | 7 10 12 13 15 17 19 21 | 21.1
Dodging        | 4 5 10 12 13 15 | 15.0
Evocations     | 7 8 9 10 11 14 16 | 16.6
Spellcasting   | |  1.5
Conjurations   | |  3.0

Action                     |  1- 3 |  4- 6 |  7- 9 | 10-12 | 13-15 | 16-18 | 19-21 | 22-24 | 25-27 || total
---------------------------+-------+-------+-------+-------+-------+-------+-------+-------+-------++-------
  Melee: Hand axe          |    11 |       |       |       |       |       |       |       |       ||    11
         War axe           |    42 |   155 |   214 |   384 |   756 |    12 |       |       |       ||  1563
         Punch             |       |     1 |       |       |       |       |       |       |       ||     1
         Broad axe         |       |       |       |       |    30 |  1075 |   877 |  1713 |  1681 ||  5376
         Unarmed           |       |       |       |       |     1 |       |       |       |       ||     1
         Labrys            |       |       |       |       |       |       |       |       |   612 ||   612
   Fire: Sling             |    33 |    12 |     5 |       |       |       |       |       |       ||    50
  Throw: Dart              |       |     7 |       |       |       |       |       |       |       ||     7
 Invoke: Ancestor Life: He |       |     1 |       |       |       |       |       |       |       ||     1
         Recall Ancestor   |       |       |     3 |     3 |     7 |     1 |     1 |     2 |       ||    17
         Idealise          |       |       |       |     6 |     8 |     4 |     1 |     1 |     5 ||    25
  Evoke: Wand              |       |       |     5 |    16 |    26 |     3 |       |     7 |     1 ||    58
         Lightning rod     |       |       |       |       |       |     1 |       |    12 |     3 ||    16
    Use: Scroll            |     3 |     2 |     4 |     2 |    15 |     8 |     5 |    12 |    20 ||    71
         Potion            |       |     1 |       |       |     9 |     1 |     2 |     1 |    14 ||    28
   Stab: Distracted        |       |     1 |     4 |     4 |     9 |    19 |    11 |    23 |    36 ||   107
         Confused          |       |     1 |     1 |    13 |    13 |     4 |    41 |    93 |    86 ||   252
         Paralysed         |       |       |       |     3 |    23 |    64 |    69 |   104 |    91 ||   354
         Invisible         |       |       |       |       |     9 |       |       |       |       ||     9
 Armour: Leather armour    |    45 |    42 |       |       |       |       |       |       |       ||    87
         Ring mail         |       |    55 |   144 |       |       |       |       |       |       ||   199
         Skin              |       |     9 |       |       |     2 |       |       |       |     1 ||    12
         Chain mail        |       |       |    62 |   259 |   343 |       |       |   913 |  1463 ||  3040
         Plate armour      |       |       |       |       |   240 |   684 |   711 |   111 |       ||  1746
         Gold dragon scale |       |       |       |       |       |       |       |       |   205 ||   205
  Dodge: Dodged            |    42 |    91 |   130 |   101 |   259 |   254 |   197 |   422 |   839 ||  2335
  Block: Kite shield       |       |       |       |    78 |   364 |   476 |   381 |   551 |  1243 ||  3093
         Buckler           |       |       |       |       |       |       |       |   153 |   100 ||   253
         Reflection        |       |       |       |       |       |       |       |       |    18 ||    18

Table legend: (Time is in decaauts)
 A = Elapsed time spent in this place.
 B = Non-inter-level travel time spent in this place.
 C = Inter-level travel time spent in this place.
 D = Time resting spent in this place.
 E = Time spent auto-exploring this place.
 F = Levels seen in this place.
 G = Mean time per level.
                   A        B        C        D        E       F      G
               +--------+--------+--------+--------+--------+-----+--------+
         Total |  67676 |  59094 |   8582 |   4133 |  39422 |  55 | 1230.5 |
       Dungeon |  19015 |  16063 |   2952 |   2316 |   9756 |  15 | 1267.7 |
          Lair |   6992 |   6176 |    816 |    260 |   4360 |   5 | 1398.4 |
         Swamp |   3755 |   3529 |    226 |      4 |   2705 |   4 |  938.8 |
     Snake Pit |   7069 |   6668 |    401 |    456 |   4755 |   4 | 1767.2 |
  Orcish Mines |   2226 |   1809 |    417 |    152 |   1137 |   2 | 1113.0 |
   Elven Halls |   4181 |   3607 |    574 |    121 |   2483 |   3 | 1393.7 |
        Vaults |   7617 |   6152 |   1465 |     49 |   4292 |   5 | 1523.4 |
         Crypt |   2546 |   2373 |    173 |      0 |   1816 |   3 |  848.7 |
        Depths |   5437 |   4427 |   1010 |     87 |   3130 |   4 | 1359.2 |
          Hell |    590 |    572 |     18 |      0 |    323 |   1 |  590.0 |
           Zot |   6450 |   5926 |    524 |     51 |   4335 |   5 | 1290.0 |
        Bailey |    274 |    274 |      0 |    169 |      0 |   1 |  274.0 |
      Ice Cave |    170 |    170 |      0 |     98 |      0 |   1 |  170.0 |
       Volcano |    557 |    557 |      0 |    304 |      0 |   1 |  557.0 |
    Desolation |    790 |    790 |      0 |     65 |    327 |   1 |  790.0 |
               +--------+--------+--------+--------+--------+-----+--------+

Top non-repeatable levels by time:
    D:11: 2252 daAuts
 Snake:3: 2056 daAuts
 Snake:4: 2037 daAuts
    D:14: 1949 daAuts
     D:7: 1897 daAuts
 Snake:1: 1824 daAuts
Vaults:1: 1805 daAuts
   Zot:5: 1754 daAuts
  Lair:2: 1695 daAuts
Vaults:4: 1672 daAuts
   Elf:1: 1669 daAuts
  Lair:1: 1663 daAuts
     D:4: 1604 daAuts
     D:9: 1603 daAuts
Depths:1: 1546 daAuts
